 Dungeon Crawl Stone Soup version 0.23.2-30-g0e89c35649 (webtiles) character file.

Game seed: 14517662296014065106

129 doot the Caller (level 5, -3/28 HPs)
             Began as a Tengu Summoner on June 17, 2019.
             Slain by a gnoll
             ... wielding a cursed +0 spear
              (9 damage)
             ... on level 3 of the Dungeon.
             The game lasted 00:05:13 (2588 turns).

doot the Caller (Tengu Summoner)                    Turns: 2588, Time: 00:05:14

Health: -3/28      AC:  4    Str:  8    XL:     5   Next: 12%
Magic:  9/9        EV:  8    Int: 19    God:
Gold:   52         SH:  0    Dex: 15    Spells: 2/8 levels left

rFire    . . .     SeeInvis .   l - +2 dagger (venom)
rCold    . . .     Gourm    .   (no shield)
rNeg     . . .     Faith    .   a - +0 robe
rPois    .         Spirit   .   (helmet restricted)
rElec    .         Reflect  .   (no cloak)
rCorr    .         Harm     .   i - +1 pair of gloves
MR       .....                  (boots unavailable)
Stlth    ++........             (no amulet)
HPRegen  0.09/turn              b - +3 ring of intelligence
MPRegen  0.11/turn              (no ring)

@: flying quickly and evasively, held, quick
A: beak, talons 3, able to fly
a: Stop Flying


You were on level 3 of the Dungeon.
You were not hungry.

You visited 1 branch of the dungeon, and saw 3 of its levels.

You collected 52 gold pieces.

Inventory:

Hand Weapons
 d - a +1 whip of electrocution
 l - a +2 dagger of venom (weapon)
Armour
 a - a +0 robe (worn)
 i - a +1 pair of gloves (worn)
Jewellery
 b - a +3 ring of intelligence (left hand)
Scrolls
 f - 3 scrolls of enchant weapon {unknown}
 g - a scroll of identify {unknown}
 j - 2 scrolls of remove curse {unknown}
 n - a scroll of teleportation {unknown}
Potions
 e - 2 potions of magic
 h - a potion of brilliance {unknown}
 k - 2 potions of lignification {unknown}
 m - 3 potions of heal wounds {unknown}
Comestibles
 c - 6 rations
 o - 2 chunks of flesh


   Skills:
 + Level 0.4 Fighting
 + Level 1.6 Short Blades
 + Level 1.4 Maces & Flails
 + Level 2.7 Dodging
 + Level 3.1 Stealth
 + Level 2.4 Spellcasting
 + Level 5.6 Summonings


You had 2 spell levels left.
You knew the following spells:

 Your Spells              Type           Power        Failure   Level  Hunger
a - Summon Small Mammal   Summ           ###.         1%          1    #......
b - Call Imp              Summ           ###.....     2%          2    ##.....
c - Call Canine Familiar  Summ           ###.....     4%          3    ###....

Your spell library contained the following spells:

 Spells                   Type           Power        Failure   Level  Hunger
 Summon Guardian Golem    Hex/Summ       ##......     16%         3    ###....
 Summon Ice Beast         Ice/Summ       ##......     45%         4    #####..
 Summon Lightning Spire   Summ/Air       ##......     45%         4    #####..


Dungeon Overview and Level Annotations

Branches:
Dungeon (3/15)

Altars:
Nemelex Xobeh


Innate Abilities, Weirdness & Mutations

You have a beak for a mouth.
You have claws for feet.
You can fly continuously.


Message History

Your peck misses the gnoll. The gnoll closely misses you.
You hit the gnoll.
The gnoll is moderately wounded.
The gnoll misses you. The gnoll hits you.
You closely miss the gnoll.
The gnoll is moderately wounded.
The gnoll hits you. The gnoll completely misses you.
The gnoll throws a throwing net.
The throwing net hits you.
You become entangled in the net!
You see here a throwing net.
You struggle against the net.
The gnoll hits you!
* * * LOW HITPOINT WARNING * * *
You struggle against the net.
The jackal bites you but does no damage.
The gnoll hits you.
* * * LOW HITPOINT WARNING * * *
Unknown command.
You struggle against the net.
The gnoll hits you from afar with a cursed +0 spear!
You die...

# ###.# ..#. #.. #.# #
##########.#
#.##hhg.......##
#...@g.........####.$
####.########........
############ #.# #.#####.#
##<.........# ##.##
#hg.....#
.....######.###...##
#h#######
##.#.######.##.....### #)#
.........##.#.......... ..#
##.#.###.##.#..[...######.#
#.#.###.##.#.#...## #.#


You could see 2 gnolls and 2 jackals.

Vanquished Creatures
  An orc priest (D:3)
  An adder (D:3)
  A gnoll (D:3)
  An ooze (D:3)
  A dart slug (D:2)
  A leopard gecko (D:2)
  5 bats (D:2)
  A giant cockroach (D:2)
  8 goblins
  6 hobgoblins
  6 jackals
  4 kobolds
  A ball python (D:3)
  A frilled lizard (D:1)
  9 rats
47 creatures vanquished.

Vanquished Creatures (collateral kills)
  A bullfrog skeleton (D:2)
  An adder (D:2)
  A worm (D:2)
  A giant cockroach (D:1)
  4 bats
8 creatures vanquished.

Grand Total: 55 creatures vanquished

Notes
Turn   | Place    | Note
-------+----------+-------------------------------------------
     0 | D:1      | doot the Tengu Summoner began the quest for the Orb.
     0 | D:1      | Reached XP level 1. HP: 10/10 MP: 4/4
    45 | D:1      | Reached skill level 5 in Summonings
   373 | D:1      | Reached XP level 2. HP: 9/15 MP: 6/6
  1075 | D:1      | Learned a level 2 spell: Call Imp
  1476 | D:2      | Reached XP level 3. HP: 15/19 MP: 7/7
  1581 | D:2      | Found a sparkling altar of Nemelex Xobeh.
  1750 | D:2      | Learned a level 3 spell: Call Canine Familiar
  2115 | D:2      | Reached skill level 1 in Maces & Flails
  2179 | D:2      | Reached skill level 1 in Short Blades
  2179 | D:2      | Reached XP level 4. HP: 19/24 MP: 4/8
  2552 | D:3      | Gained mutation: You can fly continuously. [Tengu growth]
  2552 | D:3      | Reached XP level 5. HP: 26/28 MP: 9/9
  2588 | D:3      | Slain by a gnoll

Skill      XL: |  1  2  3  4 |
---------------+-------------+-----
Summonings     | 5 |  5.6
Maces & Flails | 1 |  1.4
Short Blades   | 1 |  1.6
Stealth        | 3 |  3.1
Fighting       | |  0.4
Dodging        | |  2.7
Spellcasting   | |  2.4

Action                   |  1- 3 |  4- 6 || total
-------------------------+-------+-------++-------
Melee: Unarmed           |     7 |       ||     7
       Whip              |    49 |       ||    49
       Kick              |    12 |     4 ||    16
       Peck              |     9 |     5 ||    14
       Dagger            |    27 |    24 ||    51
 Cast: Summon Small Mamm |     9 |       ||     9
       Call Canine Famil |     1 |     1 ||     2
       Call Imp          |     1 |       ||     1
 Abil: Fly               |       |     1 ||     1
  Use: Potion            |     2 |       ||     2
 Stab: Sleeping          |     4 |     1 ||     5
  Eat: Chunk             |     4 |     2 ||     6
Armor: Robe              |    34 |     3 ||    37
Dodge: Dodged            |    65 |    13 ||    78
